 Dungeon Crawl Stone Soup version 0.31-a0-233-g139696dc86 (webtiles) character file.

Game seed: 986540909193641009

25 qw the Shooter (level 2, -2/24 HPs)
             Began as a Minotaur Hexslinger on July 9, 2023.
             Killed by nerve-wracking pain
             ... invoked by Jessica
              (3 damage)
             ... on level 1 of the Dungeon.
             The game lasted 00:00:18 (724 turns).

qw the Shooter (Minotaur Hexslinger)                 Turns: 724, Time: 00:00:19

Health: -2/24      AC:  6    Str: 12    XL:     2   Next: 82%
Magic:  2/2        EV: 10    Int: 10    God:
Gold:   91         SH:  0    Dex: 12    Spells: 2/3 levels left

rFire   . . .        Y - +1 sling
rCold   . . .        (no shield)
rNeg    . . .        e - +0 ring mail
rPois   .            (helmet restricted)
rElec   .            (no cloak)
rCorr   .            (no gloves)
SInv    +            g - +0 pair of boots
Will    .....        (no amulet)
Stlth   +            d - ring of see invisible
HPRegen 0.24/turn    (no ring)
MPRegen 0.08/turn

%: no passive effects
@: no status effects
A: horns 2, retaliatory headbutt
a: no special abilities


You were on level 1 of the Dungeon.
You visited 1 branch of the dungeon, and saw 2 of its levels.

You collected 91 gold pieces.


Innate Abilities, Weirdness & Mutations

You have a pair of horns on your head.
You reflexively headbutt those who attack you in melee.


   Skills:
 - Level 2.0 Fighting
 + Level 3.4 Ranged Weapons
 - Level 2.1 Dodging
 - Level 1.0 Spellcasting
 - Level 2.0 Hexes


You had 2 spell levels left.
You knew the following spells:

 Your Spells              Type           Power      Damage    Failure   Level
a - Slow                  Hex            16%        N/A       34%         1

Your spell library contained the following spells:

 Spells                   Type           Power      Damage    Failure   Level
 Inner Flame              Hex/Fire       2%         N/A       83%         3
 Portal Projectile        Hex/Tloc       4%         N/A       83%         3
 Cause Fear               Hex            2%         N/A       98%         4

Inventory:

Hand Weapons
 Y - a +1 sling (weapon)
Armour
 e - a +0 ring mail (worn)
 g - a +0 pair of boots (worn)
Jewellery
 d - a ring of see invisible (left hand)
 i - a ring of ice

Dungeon Overview and Level Annotations

Branches:
Dungeon (2/15)

Altars:

Annotations:
D:1 Jessica


Message History

The adder bites you but does no damage.
There is a stone staircase leading up here.
You shoot a sling bullet.
The sling bullet closely misses the adder.
The adder bites you.
You shoot a sling bullet.
The sling bullet hits the adder but does no damage.
The adder bites you but does no damage. The adder closely misses you.
You shoot a sling bullet. The sling bullet misses the adder.
The adder bites you.
You are poisoned.
The adder poisons you! The adder barely misses you.
Jessica the Apprentice Sorceress comes into view.
She is wielding a +0 club.
719 ||| STAIRDANCE You feel sick.
The adder barely misses you.
Jessica casts a spell.
Jessica seems to speed up.
You climb upwards.
You feel sick.
There is a stone staircase leading down here.
You shoot a sling bullet.
The sling bullet barely misses the adder.
You feel sick. The adder barely misses you. You furiously retaliate!
You headbutt the adder! Jessica hits you with a +0 club.
The adder barely misses you. Jessica hits you with a +0 club.
You shoot a sling bullet.
The sling bullet barely misses the adder.
You feel sick. Jessica barely misses you. The adder barely misses you.
Jessica gestures at you while chanting. Pain shoots through your body!
The adder bites you but does no damage.
You shoot a sling bullet. The sling bullet hits the adder.
The adder is almost dead.
You feel sick.
You are no longer poisoned.
Jessica casts a spell at you.
You barely resist. The adder barely misses you. Jessica barely misses you.
You shoot a sling bullet. The sling bullet hits the adder.
You kill the adder!
Jessica points at you and mumbles some strange words.
Pain shoots through your body!
You die...

#.#........#....# #.#..?.#
#.#.....##.#.##.#######.#.##.#
#.#.....#.<#..#......##.#.##.#
#.#..##.#.##..#......##......#
..#..#>.#.....#......####.####
..##.#.##.....#.............##
.....#........#.....###)###..#
####.##########....##.....##.#
# #...........@@..#..#.#..#.#
# #####.#######.....#.#.#...#
# #.### #...#..#.#..#.# ####
#.[.#####.#.##.....##.# ...#
###.......#..###.###..# ...#
#######.##.........## ...####
#.###.###.#### ......#
#.##..###.# ......#
#.........#


You could see Jessica (fast).

Vanquished Creatures
  An adder (D:1)
  4 endoplasms (D:1)
  A giant cockroach (D:1)
  2 goblins (D:1)
  5 hobgoblins
  2 kobolds (D:1)
  A ball python (D:1)
  2 bats (D:1)
  A frilled lizard (D:1)
  3 rats (D:1)
22 creatures vanquished.

Notes
Turn   | Place    | Note
-------+----------+-------------------------------------------
     0 | D:1      | qw the Minotaur Hexslinger began the quest for the Orb.
     0 | D:1      | Reached XP level 1. HP: 16/16 MP: 1/1
     0 | D:1      | 0 ||| qw: Version: 0.3-a-51-g015441d
     0 | D:1      | 0 ||| qw: Game counter: 3807
     0 | D:1      | 0 ||| qw: Melee chars always use a shield: true
     0 | D:1      | 0 ||| qw: God list: Okawaru
     0 | D:1      | 0 ||| qw: Allow faded altars: false
     0 | D:1      | 0 ||| qw: Do Orc after clearing Dungeon:15 true
     0 | D:1      | 0 ||| qw: Do second Lair branch before Depths: true
     0 | D:1      | 0 ||| qw: Lair rune preference: random
     0 | D:1      | 0 ||| qw: Goals: Normal
     0 | D:1      | 0 ||| PLANNING D:1-11
   193 | D:1      | Reached skill level 3 in Ranged Weapons
   194 | D:1      | Reached XP level 2. HP: 23/23 MP: 2/2
   279 | D:1      | Found a faded altar of an unknown god.
   662 | D:1      | 662 ||| UPGRADING to +0 ring mail.
   672 | D:1      | 672 ||| DROPPING +0 robe.
   673 | D:1      | 673 ||| UPGRADING to +0 pair of boots.
   678 | D:1      | 678 ||| UPGRADING to ring of see invisible.
   679 | D:1      | 679 ||| READING 2 scrolls labelled WYDGHO PECWAIPO.
   680 | D:1      | 680 ||| READING scroll labelled RIRROKL QIOGOD.
   681 | D:1      | 681 ||| DROPPING scroll of blinking.
   682 | D:1      | 682 ||| DROPPING scroll of poison.
   700 | D:2      | 700 ||| STAIRDANCE
   718 | D:2      | Noticed Jessica
   719 | D:2      | 719 ||| STAIRDANCE
   722 | D:1      | HP: 2/24 [Jessica/nerve-wracking pain (7)]
   724 | D:1      | Killed from afar by Jessica

Levels and vault maps discovered:
D:1:      ebering_trefoil_twist, layout_loops_cross,
          hellmonk_ecumenical_altar_crossroads, minmay_box_of_dots
D:2:      layout_rooms, uniq_natasha, uniq_jessica

Skill      XL: |  1  2 |
---------------+-------+-----
Ranged Weapons | 3 |  3.4
Fighting       | 2 |  2.0
Dodging        | |  2.1
Spellcasting   | |  1.0
Hexes          | |  2.0

Action                     || total
---------------------------++-------
   Fire: Sling             ||    64
    Use: Scroll            ||     2
 Armour: Robe              ||     7
         Ring mail         ||     3
  Dodge: Dodged            ||    31

Table legend:
 A = Non-vault XP
 B = Vault XP
 C = Vault XP percentage of total XP
 D = Non-vault monster count
 E = Vault monster count
 F = Vault count percentage of total count
                 A         B        C        D         E       F
            +---------+---------+-------+---------+---------+-------
      Total |      45 |       5 |  10.0 |      19 |       3 |  13.6
            +---------+---------+-------+---------+---------+-------
        D:1 |      43 |       5 |  10.4 |      18 |       3 |  14.3
        D:2 |       2 |       0 |   0.0 |       1 |       0 |   0.0
            +---------+---------+-------+---------+---------+-------
